 Dungeon Crawl Stone Soup version 0.24-a0-479-g9a978d2894 (webtiles) character file.

Game seed: 668870823702018834

887 gruber the Conjurer (level 8, -1/46 HPs)
             Began as an Octopode Conjurer on July 8, 2019.
             Was a Follower of Vehumet.
             Splashed by Ijyb's acid (8 damage)
             ... on level 4 of the Dungeon.
             The game lasted 00:07:53 (3562 turns).

gruber the Conjurer (Octopode Conjurer)             Turns: 3562, Time: 00:07:57

Health: -1/46      AC:  0    Str:  7    XL:     8   Next: 5%
Magic:  7/12       EV: 13    Int: 19    God:    Vehumet [*.....]
Gold:   100        SH:  5    Dex: 13    Spells: 3/13 levels left

rFire    . . .     SeeInvis .   d - +4 dagger (vamp)
rCold    + . .     Gourm    .   r - +0 buckler
rNeg     . . .     Faith    .   (helmet restricted)
rPois    .         Spirit   .   (no amulet)
rElec    .         Reflect  .   o - ring of protection from cold
rCorr    .         Harm     .   m - +3 ring of protection
MR       .....                  (no ring)
Stlth    +++.......             (no ring)
HPRegen  0.15/turn              (no ring)
MPRegen  0.13/turn              (no ring)
                                (no ring)
                                (no ring)

@: corroded
A: almost no armour, stealthy swim, amphibious, 8 rings, constrict 8, camouflage
1, gelatinous body 1
a: Renounce Religion


You were on level 4 of the Dungeon.
You worshipped Vehumet.
Vehumet was aware of your devotion.
You were hungry.

You visited 1 branch of the dungeon, and saw 4 of its levels.

You collected 191 gold pieces.
You spent 91 gold pieces at shops.

Inventory:

Hand Weapons
 d - a +4 vampiric dagger (weapon)
Missiles
 n - 41 poisoned darts (quivered)
Armour
 r - a +0 buckler (worn)
Jewellery
 h - an uncursed ring of ice
 m - a +3 ring of protection (right tentacle)
 o - a ring of protection from cold (left tentacle)
Scrolls
 a - 2 scrolls of magic mapping {unknown}
 b - 6 scrolls of identify
 g - 2 scrolls of remove curse
 i - a scroll of enchant armour {unknown}
 l - 2 scrolls of fog
 p - a scroll of blinking {unknown}
 q - a scroll of amnesia {unknown}
Potions
 c - a potion of ambrosia {unknown}
 e - 2 potions of heal wounds
 f - 2 potions of flight {unknown}
 k - a potion of degeneration {unknown}
 s - a potion of might {unknown}
Comestibles
 j - 5 rations


   Skills:
 - Level 5.1 Short Blades
 - Level 2.0 Dodging
 - Level 2.6 Stealth
 * Level 5.2 Shields
 - Level 3.0 Spellcasting
 - Level 5.4 Conjurations
 - Level 0.3 Hexes


You had 3 spell levels left.
You knew the following spells:

 Your Spells              Type           Power        Failure   Level  Hunger
a - Magic Dart            Conj           ###.         1%          1    None
b - Searing Ray           Conj           ###...       2%          2    ##.....
c - Dazzling Spray        Conj/Hex       ##....       14%         3    ###....
d - Force Lance           Conj/Tloc      ##......     45%         4    ####...

Your spell library contained the following spells:

 Spells                   Type           Power        Failure   Level  Hunger
 Flame Tongue             Conj/Fire      ##...        4%          1    None
 Confusing Touch          Hex            #.....       13%         1    None
 Corona                   Hex            #......      13%         1    None
 Ensorcelled Hibernation  Hex/Ice        #.....       22%         2    ##.....
 Confuse                  Hex            #.......     36%         3    ###....
 Tukima's Dance           Hex            #.......     36%         3    ###....
 Gell's Gravitas          Tloc           #.........   41%         3    ###....
 Iskenderun's Mystic Bla  Conj           ###.....     16%         4    ####...
 Fulminant Prism          Conj/Hex       ##........   43%         4    ####...
 Petrify                  Tmut/Erth      #.......     83%         4    ####...
 Metabolic Englaciation   Hex/Ice        #.........   98%         5    ######.
 Yara's Violent Unravell  Hex/Tmut       #.........   98%         5    ######.


Dungeon Overview and Level Annotations

Branches:
Dungeon (4/15)             Temple (0/1) D:4

Altars:
Elyvilon
Kikubaaqudgha
Qazlal
Trog
Vehumet

Shops:
D:4 *

Annotations:
D:4 Dowan, Duvessa, Ijyb


Innate Abilities, Weirdness & Mutations

You cannot wear most types of armour.
You are very stealthy in the water. (Stealth+)
You are amphibious.
You can wear up to eight rings at the same time.
You can use your tentacles to constrict eight enemies at once.
Your skin changes colour to match your surroundings (Stealth+).
Your rubbery body absorbs attacks. (AC +1, EV +1)


Message History

Aiming: Searing Ray (safe; 2% risk of failure)
Press: ? - help, Shift-Dir - straight line, f - Ijyb
Aim: Ijyb, wielding a +0 dagger, wearing a +0 scale mail and carrying a wand of acid (6) (resting)
The searing ray hits Ijyb but does no damage.
Ijyb shouts! (Press . to maintain the ray.)
The searing ray hits Ijyb but does no damage.
Ijyb zaps a wand.
The bolt of acid hits you. The acid corrodes you!
You are splashed with acid!
The searing ray hits Ijyb but does no damage.
Ijyb screams, "Level is mine!
All mine!"
Ijyb closely misses you.
The searing ray hits Ijyb!
Ijyb is moderately wounded.
You finish channeling your searing ray.
Ijyb zaps a wand.
The bolt of acid hits you!!
Ouch! That really hurt!
* * * LOW HITPOINT WARNING * * *
You are splashed with acid!
You die...

# #.# ## #..# .# ##....#
.# #.....## ####
##......## ...###
#..#.##... #
.....####..#....##.##
.......##.....#.@g..#
.......#......#.....#.
.......#...............#
.........####...........
..........###..........#
.......##...............
.....>..#...............
.###.................##.
...#..................


You could see Ijyb.

Vanquished Creatures
  Sigmund (D:2)
  Eustachio (D:4)
  Menkaure (D:4)
  2 scorpions (D:4)
  An orc priest (D:4)
  A centaur skeleton (D:4)
  4 orc wizards
  4 worker ants (D:4)
  4 adders
  An ooze (D:1)
  2 adder skeletons (D:4)
  A dart slug (D:1)
  2 leopard geckos
  14 orcs
  A giant cockroach (D:1)
  7 goblins
  3 hobgoblins
  4 jackals
  6 kobolds
  A quokka (D:3)
  A ball python skeleton (D:4)
  4 bats
  7 frilled lizards
  13 rats
86 creatures vanquished.

Notes
Turn   | Place    | Note
-------+----------+-------------------------------------------
     0 | D:1      | gruber the Octopode Conjurer began the quest for the Orb.
     0 | D:1      | Reached XP level 1. HP: 11/11 MP: 3/3
   243 | D:1      | Reached skill level 1 in Short Blades
   243 | D:1      | Reached XP level 2. HP: 15/17 MP: 5/5
   550 | D:1      | Reached XP level 3. HP: 21/21 MP: 6/6
   834 | D:2      | Noticed Sigmund
   868 | D:2      | Learned a level 2 spell: Searing Ray
   872 | D:2      | Learned a level 3 spell: Dazzling Spray
  1255 | D:2      | Reached XP level 4. HP: 27/27 MP: 2/7
  1328 | D:2      | Found a stormy altar of Qazlal.
  1406 | D:2      | Killed Sigmund
  1406 | D:2      | Reached skill level 5 in Short Blades
  1406 | D:2      | Reached XP level 5. HP: 31/31 MP: 0/8
  1486 | D:2      | Noticed a moth of wrath
  1489 | D:2      | Found a bloodstained altar of Trog.
  1737 | D:3      | Found a white marble altar of Elyvilon.
  1737 | D:3      | Found an ancient bone altar of Kikubaaqudgha.
  1737 | D:3      | Found a radiant altar of Vehumet.
  1740 | D:3      | Reached XP level 6. HP: 36/36 MP: 5/9
  1763 | D:3      | Became a worshipper of Vehumet
  2124 | D:4      | Noticed Menkaure
  2134 | D:4      | Killed Menkaure
  2134 | D:4      | Reached skill level 5 in Conjurations
  2480 | D:4      | Reached XP level 7. HP: 40/41 MP: 5/11
  2508 | D:4      | Reached skill level 1 in Shields
  2512 | D:4      | Found Kiutsun's General Store.
  2666 | D:4      | Bought a scroll of identify for 26 gold pieces
  2666 | D:4      | Bought a scroll of fog for 26 gold pieces
  2666 | D:4      | Bought a scroll of remove curse for 39 gold pieces
  2680 | D:4      | Noticed Duvessa
  2909 | D:4      | Noticed Eustachio
  2938 | D:4      | Killed Eustachio
  3268 | D:4      | Reached * piety under Vehumet
  3268 | D:4      | Offered knowledge of Flame Tongue by Vehumet.
  3281 | D:4      | Reached skill level 5 in Shields
  3281 | D:4      | Reached XP level 8. HP: 31/46 MP: 7/12
  3418 | D:4      | Found a staircase to the Ecumenical Temple.
  3431 | D:4      | Learned a level 4 spell: Force Lance
  3431 | D:4      | Noticed Dowan
  3555 | D:4      | Noticed Ijyb
  3562 | D:4      | Splashed by Ijyb's acid

Levels and vault maps discovered:
D:1:      dpeg_arrival_simpleton_b, layout_loops_ring
D:2:      layout_rooms, nicolae_qazlal_general_emergency, tgw_trog, uniq_sigmund
D:3:      layout_rooms, gammafunk_temple_overflow_claw, first_ration
D:4:      cheibrodos_helix_gallery, layout_cave_pools, kennysheep_mini_moat,
          minmay_temple_entry_offerings, serial_shops,
          nicolae_shop_temple_entry_statues_fountains, uniq_duvessa,
          uniq_menkaure, uniq_ijyb, uniq_eustachio

Skill      XL: |  1  2  3  4  5  6  7 |
---------------+----------------------+-----
Short Blades   | 1 2 3 5 |  5.1
Conjurations   | 5 |  5.4
Spellcasting   | 3 |  3.0
Shields        | 5 |  5.2
Dodging        | |  2.0
Stealth        | |  2.6
Hexes          | |  0.3

Action                   |  1- 3 |  4- 6 |  7- 9 || total
-------------------------+-------+-------+-------++-------
Melee: Dagger            |    41 |    51 |    50 ||   142
       Unarmed           |     3 |       |       ||     3
       Constrict         |    10 |    14 |     8 ||    32
       Tentacles         |     4 |     9 |     7 ||    20
 Cast: Magic Dart        |    10 |     3 |    16 ||    29
       Searing Ray       |       |     5 |    13 ||    18
       Dazzling Spray    |       |     3 |       ||     3
  Use: Potion            |       |       |     1 ||     1
 Stab: Sleeping          |     8 |     6 |       ||    14
       Invisible         |       |     1 |       ||     1
  Eat: Ration            |     1 |       |     1 ||     2
       Chunk             |       |     1 |     1 ||     2
Armor: Skin              |     7 |     5 |     9 ||    21
Dodge: Dodged            |    19 |    18 |    48 ||    85
Block: Buckler           |       |       |     6 ||     6

Table legend:
 A = Non-vault XP
 B = Vault XP
 C = Vault XP percentage of total XP
 D = Non-vault monster count
 E = Vault monster count
 F = Vault count percentage of total count
                 A         B        C        D         E       F
            +---------+---------+-------+---------+---------+-------
      Total |     685 |     583 |  46.0 |      76 |      10 |  11.6
            +---------+---------+-------+---------+---------+-------
        D:1 |      40 |       0 |   0.0 |      22 |       0 |   0.0
        D:2 |      54 |     210 |  79.5 |      12 |       6 |  33.3
        D:3 |     110 |       0 |   0.0 |      19 |       0 |   0.0
        D:4 |     481 |     373 |  43.7 |      23 |       4 |  14.8
            +---------+---------+-------+---------+---------+-------
